IL
NASHVILLE SOUNDS @ DURHAM BULLS
08/18/2048
 
TOP OF THE 1ST
Nashville Sounds batting - Pitching for Durham Bulls : RHP Eric Smith
Pitching: RHP Eric Smith
Batting: RHB Jeff Garofalo 0-0: Called Strike
0-1: Foul Ball, location: 2F
0-2: Ball
1-2: Ball
2-2: Ball
3-2: Strikes out looking
Batting: SHB Robert Santiago 0-0: Ball
1-0: Foul Ball, location: 2F
1-1: Ball
2-1: Called Strike
2-2: Foul Ball, location: 2F
2-2: Strikes out swinging
Batting: RHB Tim Cordle 0-0: Foul Ball, location: 2F
0-1: Ball
1-1: DOUBLE (Flyball, 78D, EV 112.5 MPH)
Batting: RHB David Herrera 0-0: Ball
1-0: Ground out 5-3 (Groundball, 56, EV 105.0 MPH)
Top of the 1st over - 0 runs, 1 hit, 0 errors, 1 left on base; Nashville 0 - Durham 0
BOTTOM OF THE 1ST
Durham Bulls batting - Pitching for Nashville Sounds : RHP Victor Sanchez
Pitching: RHP Victor Sanchez
Batting: RHB Jonathan Fraire 0-0: Ball
1-0: SINGLE (Groundball, 6MD, EV 106.9 MPH)
Batting: SHB Joey Pacheco 0-0: Called Strike
0-1: Ball
1-1: Grounds into double play, 4-6-3 (Groundball, 4, EV 87.5 MPH)
Batting: RHB David Ward 0-0: Called Strike
0-1: Swinging Strike
0-2: Strikes out looking
Bottom of the 1st over - 0 runs, 1 hit, 0 errors, 0 left on base; Nashville 0 - Durham 0
TOP OF THE 2ND
Nashville Sounds batting - Pitching for Durham Bulls : RHP Eric Smith
Batting: LHB Tomas Segarra 0-0: Called Strike
0-1: Foul Ball, location: 2F
0-2: Foul Ball, location: 2F
0-2: Ball
1-2: Ball
2-2: Ball
3-2: SINGLE (Groundball, 15S, EV 73.8 MPH) (infield hit)
Batting: RHB Wade Diamond 0-0: Ball
1-0: Fielders Choice at 2nd, 6-4 (Groundball, 6M, EV 84.4 MPH)
Batting: RHB Ryan Kinkead 0-0: Fly out, F7 (Flyball, 7S, EV 82.5 MPH)
Batting: LHB Zachary DeLuca 0-0: Ball
1-0: Ball
2-0: Foul Ball, location: 2F
2-1: Ball
3-1: Base on Balls
Wade Diamond to second
Batting: SHB Ryan Chicoine 0-0: Swinging Strike
0-1: Called Strike
0-2: Strikes out swinging
Top of the 2nd over - 0 runs, 1 hit, 0 errors, 2 left on base; Nashville 0 - Durham 0
BOTTOM OF THE 2ND
Durham Bulls batting - Pitching for Nashville Sounds : RHP Victor Sanchez
Batting: RHB Alex Diaz 0-0: Called Strike
0-1: Ball
1-1: Ball
2-1: Foul Ball, location: 2F
2-2: Ground out 6-3 (Groundball, 6, EV 104.4 MPH)
Batting: LHB Davion Lewis 0-0: Called Strike
0-1: Swinging Strike
0-2: Strikes out looking
Batting: RHB Danny Diaz 0-0: Ground out U3 (Groundball, 3L, EV 102.5 MPH)
Bottom of the 2nd over - 0 runs, 0 hits, 0 errors, 0 left on base; Nashville 0 - Durham 0
TOP OF THE 3RD
Nashville Sounds batting - Pitching for Durham Bulls : RHP Eric Smith
Batting: RHB Jeff Garofalo 0-0: Ball
1-0: Called Strike
1-1: Ball
2-1: Foul Ball, location: 2F
2-2: Fly out, F4 (Popup, 4, EV 65.0 MPH)
Batting: SHB Robert Santiago 0-0: DOUBLE (Line Drive, 7LS, EV 96.9 MPH)
Batting: RHB Tim Cordle 0-0: Foul Ball, location: 2F
0-1: Called Strike
0-2: Ball
1-2: Ball
2-2: Strikes out swinging
Batting: RHB David Herrera 0-0: Called Strike
0-1: Ball
1-1: Ground out U3 (Groundball, 3, EV 100.0 MPH)
Top of the 3rd over - 0 runs, 1 hit, 0 errors, 1 left on base; Nashville 0 - Durham 0
BOTTOM OF THE 3RD
Durham Bulls batting - Pitching for Nashville Sounds : RHP Victor Sanchez
Batting: LHB Jake Rheaume 0-0: Called Strike
0-1: Ball
1-1: Ball
2-1: Called Strike
2-2: Ball
3-2: Foul Ball, location: 2F
3-2: Foul Ball, location: 2F
3-2: Ground out 4-3 (Groundball, 4, EV 76.9 MPH)
Batting: RHB Jose Arriola 0-0: Called Strike
0-1: Ball
1-1: Called Strike
1-2: Ground out 6-3 (Groundball, 6, EV 81.9 MPH)
Batting: RHB Sesto Carpini 0-0: Foul Ball, location: 2F
0-1: Swinging Strike
0-2: Strikes out swinging
Bottom of the 3rd over - 0 runs, 0 hits, 0 errors, 0 left on base; Nashville 0 - Durham 0
TOP OF THE 4TH
Nashville Sounds batting - Pitching for Durham Bulls : RHP Eric Smith
Batting: LHB Tomas Segarra 0-0: Called Strike
0-1: Swinging Strike
0-2: Ball
1-2: Strikes out swinging
Batting: RHB Wade Diamond 0-0: Called Strike
0-1: Swinging Strike
0-2: Ball
1-2: Strikes out swinging
Batting: RHB Ryan Kinkead 0-0: Ground out 4-3 (Groundball, 34, EV 103.8 MPH)
Top of the 4th over - 0 runs, 0 hits, 0 errors, 0 left on base; Nashville 0 - Durham 0
BOTTOM OF THE 4TH
Durham Bulls batting - Pitching for Nashville Sounds : RHP Victor Sanchez
Batting: RHB Jonathan Fraire 0-0: Called Strike
0-1: Ball
1-1: Called Strike
1-2: Ball
2-2: Ball
3-2: Base on Balls
Batting: SHB Joey Pacheco 0-0: Ball
1-0: Called Strike
1-1: Ball
Jonathan Fraire steals 2nd base
2-1: SINGLE (Groundball, 34D, EV 103.8 MPH)
Jonathan Fraire to third
Batting: RHB David Ward 0-0: Ball
1-0: Ball
2-0: Called Strike
2-1: Foul Ball, location: 2F
2-2: Foul Ball, location: 2F
2-2: Ball
3-2: SINGLE (Flyball, 78S, EV 96.9 MPH)
Jonathan Fraire scores
Joey Pacheco to second
Batting: RHB Alex Diaz 0-0: Ball
1-0: Grounds into double play, 5-4-3 (Groundball, 56, EV 106.9 MPH)
Joey Pacheco to third
Batting: LHB Davion Lewis 0-0: Ball
1-0: SINGLE (Groundball, 4MD, EV 101.2 MPH)
Joey Pacheco scores
Batting: RHB Danny Diaz 0-0: 2-RUN HOME RUN (Flyball, 7LD, EV 91.2 MPH), Distance : 361 ft
Batting: LHB Jake Rheaume 0-0: Ball
1-0: Foul Ball, location: 2F
1-1: Called Strike
1-2: Strikes out swinging
Bottom of the 4th over - 4 runs, 4 hits, 0 errors, 0 left on base; Nashville 0 - Durham 4
TOP OF THE 5TH
Nashville Sounds batting - Pitching for Durham Bulls : RHP Eric Smith
Batting: LHB Zachary DeLuca 0-0: Called Strike
0-1: Ball
1-1: Foul Ball, location: 2F
1-2: SINGLE (Line Drive, 6MD, EV 106.9 MPH)
Batting: SHB Ryan Chicoine 0-0: Ball
1-0: Called Strike
Zachary DeLuca is caught stealing 2nd base 2-6
1-1: SINGLE (Groundball, 56D, EV 96.9 MPH)
Batting: RHB Jeff Garofalo 0-0: Called Strike
Ryan Chicoine steals 2nd base
0-1: Called Strike
0-2: Ball
1-2: 2-RUN HOME RUN (Flyball, 9LD, EV 93.8 MPH), Distance : 362 ft
Batting: SHB Robert Santiago 0-0: Called Strike
0-1: Ball
1-1: Foul Ball, location: 2F
1-2: Fly out, F8 (Flyball, 8RM, EV 86.2 MPH)
Batting: RHB Tim Cordle 0-0: Ground out 2-3 (Groundball, 15S, EV 70.6 MPH)
Top of the 5th over - 2 runs, 3 hits, 0 errors, 0 left on base; Nashville 2 - Durham 4
BOTTOM OF THE 5TH
Durham Bulls batting - Pitching for Nashville Sounds : RHP Victor Sanchez
Batting: RHB Jose Arriola 0-0: Swinging Strike
0-1: Foul Ball, location: 2F
0-2: Ball
1-2: Foul Ball, location: 2F
1-2: Fly out, F8 (Flyball, 89D, EV 88.8 MPH)
Batting: RHB Sesto Carpini 0-0: Swinging Strike
0-1: Foul Ball, location: 2F
0-2: Strikes out swinging
Batting: RHB Jonathan Fraire 0-0: Ball
1-0: Called Strike
1-1: Foul Ball, location: 2F
1-2: Ground out 5-3 (Groundball, 56, EV 103.1 MPH)
Bottom of the 5th over - 0 runs, 0 hits, 0 errors, 0 left on base; Nashville 2 - Durham 4
TOP OF THE 6TH
Nashville Sounds batting - Pitching for Durham Bulls : RHP Eric Smith
Batting: RHB David Herrera 0-0: Foul Ball, location: 2F
0-1: Called Strike
0-2: Ball
1-2: Foul Ball, location: 2F
1-2: Foul Ball, location: 2F
1-2: SINGLE (Groundball, 6S, EV 71.9 MPH) (infield hit)
Pitching: LHP Parker Martinet
Batting: LHB Tomas Segarra 0-0: Foul Ball, location: 2F
0-1: Swinging Strike
0-2: Foul Ball, location: 2F
0-2: Strikes out swinging
Batting: RHB Wade Diamond 0-0: Ball
1-0: Foul Ball, location: 2F
1-1: Swinging Strike
1-2: Foul Ball, location: 2F
1-2: Strikes out looking
Batting: RHB Ryan Kinkead 0-0: Called Strike
0-1: Foul Ball, location: 2F
0-2: Foul Ball, location: 2F
0-2: Strikes out swinging
Top of the 6th over - 0 runs, 1 hit, 0 errors, 1 left on base; Nashville 2 - Durham 4
BOTTOM OF THE 6TH
Durham Bulls batting - Pitching for Nashville Sounds : RHP Victor Sanchez
Batting: SHB Joey Pacheco 0-0: Called Strike
0-1: Ball
1-1: Foul Ball, location: 2F
1-2: Strikes out swinging
Batting: RHB David Ward 0-0: Foul Ball, location: 2F
0-1: Fly out, F8 (Line Drive, 8LD, EV 109.4 MPH)
Batting: RHB Alex Diaz 0-0: Ball
1-0: Called Strike
1-1: Ball
2-1: Ball
3-1: Foul Ball, location: 2F
3-2: Strikes out swinging
Bottom of the 6th over - 0 runs, 0 hits, 0 errors, 0 left on base; Nashville 2 - Durham 4
TOP OF THE 7TH
Nashville Sounds batting - Pitching for Durham Bulls : LHP Parker Martinet
Batting: LHB Zachary DeLuca 0-0: Fly out, F8 (Flyball, 8RD, EV 98.8 MPH)
Batting: SHB Ryan Chicoine 0-0: Called Strike
0-1: Ground out 5-3 (Groundball, 5L, EV 86.2 MPH)
Batting: RHB Jeff Garofalo 0-0: Ball
1-0: Ball
2-0: Ball
3-0: Called Strike
3-1: Swinging Strike
3-2: Strikes out looking
Top of the 7th over - 0 runs, 0 hits, 0 errors, 0 left on base; Nashville 2 - Durham 4
BOTTOM OF THE 7TH
Durham Bulls batting - Pitching for Nashville Sounds : RHP Victor Sanchez
Pitching: RHP Márcio Travanca
Batting: LHB Davion Lewis 0-0: Ball
1-0: Ball
2-0: Called Strike
2-1: Foul Ball, location: 2F
2-2: Ground out 4-3 (Groundball, 4D, EV 103.8 MPH)
Batting: RHB Danny Diaz 0-0: Ball
1-0: Called Strike
1-1: Ball
2-1: Foul Ball, location: 2F
2-2: Ball
3-2: Base on Balls
Batting: LHB Jake Rheaume 0-0: Called Strike
0-1: Ball
1-1: Fly out, F7 (Flyball, 7, EV 78.8 MPH)
Batting: RHB Jose Arriola 0-0: SINGLE (Line Drive, 9S, EV 93.1 MPH)
Danny Diaz to second
Runner from 2nd tries for 3rd, SAFE, throw by RF made to third
Batting: RHB Sesto Carpini 0-0: Foul Ball, location: 2F
0-1: Ball
1-1: Foul Ball, location: 2F
1-2: Ball
2-2: Foul Ball, location: 2F
2-2: Foul Ball, location: 2F
2-2: Foul Ball, location: 2F
2-2: Foul Ball, location: 2F
2-2: Strikes out swinging
Bottom of the 7th over - 0 runs, 1 hit, 0 errors, 2 left on base; Nashville 2 - Durham 4
TOP OF THE 8TH
Nashville Sounds batting - Pitching for Durham Bulls : LHP Parker Martinet
Now in LF: Antonio Pacheco
Batting: SHB Robert Santiago 0-0: Ball
1-0: Ball
2-0: Ball
3-0: Ground out 5-3 (Groundball, 56S, EV 86.9 MPH)
Batting: RHB Tim Cordle 0-0: Called Strike
0-1: Ball
1-1: Foul Ball, location: 2F
1-2: Ground out 6-3 (Groundball, 56, EV 101.2 MPH)
Batting: RHB David Herrera 0-0: Ball
1-0: Foul Ball, location: 2F
1-1: Fly out, F7 (Flyball, 7D, EV 90.0 MPH)
Top of the 8th over - 0 runs, 0 hits, 0 errors, 0 left on base; Nashville 2 - Durham 4
BOTTOM OF THE 8TH
Durham Bulls batting - Pitching for Nashville Sounds : RHP Márcio Travanca
Batting: RHB Jonathan Fraire 0-0: Swinging Strike
0-1: Foul Ball, location: 2F
0-2: Strikes out swinging
Batting: SHB Joey Pacheco 0-0: Ball
1-0: Ball
2-0: Hit by Pitch
Batting: RHB David Ward 0-0: Fly out, F4 (Popup, 34, EV 57.5 MPH)
Batting: RHB Alex Diaz 0-0: Called Strike
0-1: Foul Ball, location: 2F
0-2: Ball
1-2: Ball
2-2: Foul Ball, location: 2F
2-2: Ball
3-2: Ground out 6-3 (Groundball, 6, EV 91.9 MPH)
Bottom of the 8th over - 0 runs, 0 hits, 0 errors, 1 left on base; Nashville 2 - Durham 4
TOP OF THE 9TH
Nashville Sounds batting - Pitching for Durham Bulls : LHP Parker Martinet
Pitching: RHP Cody Wilharm
Batting: LHB Tomas Segarra 0-0: Called Strike
0-1: Ball
1-1: Foul Ball, location: 2F
1-2: Fly out, F7 (Flyball, 7, EV 76.2 MPH)
Pinch Hitting: LHB Ben Goldstein 0-0: Ground out 5-3 (Groundball, 5L, EV 91.2 MPH)
Batting: RHB Ryan Kinkead 0-0: Ball
1-0: Ball
2-0: Ball
3-0: Called Strike
3-1: Base on Balls
Batting: LHB Zachary DeLuca 0-0: Called Strike
0-1: Ball
1-1: Ball
2-1: Ball
3-1: Called Strike
3-2: Foul Ball, location: 2F
3-2: Foul Ball, location: 2F
3-2: Ground out 5-3 (Groundball, 5S, EV 70.0 MPH)
Top of the 9th over - 0 runs, 0 hits, 0 errors, 1 left on base; Nashville 2 - Durham 4
Tuesday, March 28th , 2023 - OOTP Baseball 23.10 Build 110